 Dungeon Crawl Stone Soup version 0.30.1-3-gfc49f6343a (webtiles) character file.

Game seed: 13114301285765356585

7099 Cheops the Grappler (level 10, 0/100 HPs)
             Began as a Troll Fighter on July 27, 2023.
             Was a Believer of Wu Jian.
             Slain by a killer bee (7 damage)
             ... on level 10 of the Dungeon.
             The game lasted 00:16:05 (14572 turns).

Cheops the Grappler (Troll Fighter)                Turns: 14572, Time: 00:16:06

Health: 0/100      AC:  4    Str: 24 (26) XL:     10   Next: 84%
Magic:  8/8        EV:  8    Int:  7 (8)  God:    Wu Jian [**....]
Gold:   476        SH:  8    Dex:  6 (9)  Spells: 9/9 levels left

rFire   . .          .
                       - Unarmed
rCold   . . .        D - +0 kite shield
rNeg    . . .        w - +0 robe {Will+}
rPois   .            (helmet restricted)
rElec   .            o - scarf {harm}
rCorr   .            (gloves unavailable)
SInv    +            (boots unavailable)
Will    ++...        p - amulet of the acrobat
Stlth   +            y - ring of willpower
HPRegen 1.16/turn    e - ring of see invisible
MPRegen 0.11/turn

%: harm (+30% outgoing, +20% incoming), acrobat
@: lethally poisoned (0 -> -7), about to teleport, attractive
A: large, unfitting armour, claws 3, regeneration 1, shaggy fur 1, tough skin 1,
low MP 1, mutation resistance 1
a: Renounce Religion, Wall Jump


You were on level 10 of the Dungeon.
You worshipped Wu Jian.
Wu Jian was pleased with you.
You visited 2 branches of the dungeon, and saw 11 of its levels.

You collected 476 gold pieces.

Inventory:

Hand Weapons
 b - a +1 hand axe of flaming
Missiles
 C - 2 throwing nets (quivered)
Armour
 a - a +0 robe
 o - a scarf of harm (worn)
 w - a +0 robe of willpower (worn)
 D - a +0 kite shield (worn)
Magical Staves
 k - a staff of death
Jewellery
 e - a ring of see invisible (right claw)
 p - an amulet of the acrobat (around neck)
 y - a ring of willpower (left claw)
Wands
 q - a wand of charming (3)
Scrolls
 c - a scroll of fear
 d - 3 scrolls of magic mapping
 f - a scroll of fog
 l - a scroll of enchant armour
 v - a scroll of brand weapon
 x - a scroll of silence
 A - 2 scrolls of vulnerability {unknown}
 F - 2 scrolls of noise {unknown}
Potions
 g - 2 potions of mutation
 h - 3 potions of curing
 i - a potion of cancellation
 m - a potion of lignification
 r - a potion of invisibility
 s - a potion of brilliance
 t - a potion of haste
 u - a potion of attraction
 z - 2 potions of flight
 E - a potion of heal wounds


   Skills:
 + Level 6.7 Fighting
 - Level 2.4 Dodging
 + Level 7.3 Shields
 * Level 13.1 Unarmed Combat


You had 9 spell levels left.
You didn't know any spells.
Your spell library contained the following spells:

 Spells                   Type           Power      Damage    Failure   Level
 Apportation              Tloc           0%         N/A       65%         1
 Freeze                   Ice            0%         1d3       65%         1
 Magic Dart               Conj           0%         1d3       65%         1
 Necrotise                Necr           0%         1d4       65%         1
 Summon Small Mammal      Summ           0%         N/A       65%         1
 Call Imp                 Summ           0%         N/A       80%         2
 Frozen Ramparts          Ice            0%         1d1       95%         3
 Gell's Gravitas          Tloc           0%         N/A       95%         3
 Hailstorm                Conj/Ice       0%         3d3       95%         3
 Mephitic Cloud           Conj/Pois/Air  0%         N/A       95%         3
 Teleport Other           Tloc           0%         N/A       95%         3
 Volatile Blastmotes      Fire/Tloc      0%         2d10      95%         3
 Fulminant Prism          Conj/Hex       0%         3d5       100%        4
 Iskenderun's Mystic Bla  Conj/Tloc      0%         2d3       100%        4
 Fireball                 Conj/Fire      0%         3d3       100%        5
 Iskenderun's Battlesphe  Conj           0%         2d6       100%        5
 Lee's Rapid Deconstruct  Erth           0%         3d4*      100%        5
 Conjure Ball Lightning   Conj/Air       0%         3x3d6     100%        6
 Dispersal                Tloc           0%         N/A       100%        6
 Orb of Destruction       Conj           0%         9d5       100%        7


Dungeon Overview and Level Annotations

Branches:
Dungeon (10/15)            Temple (1/1) D:4             Orc (0/2) D:10
   Lair: D:8-11

Altars:
Ashenzari
Cheibriados
Dithmenos
Elyvilon
Fedhas
Gozag
Hepliaklqana
Kikubaaqudgha
Makhleb
Nemelex Xobeh
Okawaru
Qazlal
Ru
Sif Muna
Trog
Uskayaw
Vehumet
Wu Jian
Xom
Yredelemnul
Zin
The Shining One

Shops:
D:6 =

Annotations:
D:3 3 runed translucent doors, Taurus's ghost, amateur MiFi


Innate Abilities, Weirdness & Mutations

You are too large for most types of armour.
You have claws for hands.
Your natural rate of healing is unusually fast.
You are covered in fur. (AC +1)
You have tough skin. (AC +1)
Your magical capacity is low. (-10% MP)
You are somewhat resistant to further mutation.


Message History

You are more poisoned.
The killer bee poisons you!
As you read the scroll of fear, it crumbles to dust.
You assume a fearsome visage.
The killer bee looks frightened! x5
You feel very sick.
The killer bee is attracted toward you. x2
You feel better. The killer bee stings you.
* * * LOW HITPOINT WARNING * * *
The killer bee stings you.
* * * LOW HITPOINT WARNING * * *
You block the killer bee's attack.
The killer bee is attracted toward you. x2
As you read the scroll of teleportation, it crumbles to dust.
You feel strangely unstable. The killer bee barely misses you.
You block the killer bee's attack.
The killer bee is attracted toward you. x3
You closely miss the killer bee.
Your attack snaps the killer bee out of its fear.
The killer bee is severely wounded.
The killer bee barely misses you. The killer bee stings you.
* * * LOW HITPOINT WARNING * * *
The killer bee barely misses you. You block the killer bee's attack.
The killer bee is attracted toward you. x3
You spin and attack the killer bee.
You barely miss the killer bee.
You spin and attack the killer bee.
You scratch the killer bee but do no damage.
The killer bee is severely wounded.
You flicker back into view.
You block the killer bee's attack. The killer bee stings you.
* * * LOW HITPOINT WARNING * * *
You are poisoned.
The killer bee poisons you! The killer bee stings you.
* * * LOW HITPOINT WARNING * * *
The killer bee is attracted toward you. x3
You scratch the killer bee but do no damage.
Your attack snaps the killer bee out of its fear.
You feel sick. The killer bee barely misses you. x2
The killer bee stings you.
* * * LOW HITPOINT WARNING * * *
You are lethally poisoned!
The killer bee poisons you! The killer bee stings you.
You die...

#...
#..#
#.§#
#.§#
#§y#
#y.#
#..#
#yy#
#@†#
#y.#
#.§#
#..#
#..#
#..#
#..#
#..#
#..#


You could see 5 killer bees.

Vanquished Creatures
  2 two-headed ogres
  Pikel (D:3)
  Grinder (D:6)
  Sigmund (D:2)
  A shadow (D:9)
  8 yaks
  A wyvern (D:9)
  A steam dragon (D:6)
  3 vampire mosquitoes (D:9)
  2 water moccasins
  2 orc warriors
  A sky beast (D:7)
  A black bear (D:6)
  An ogre (D:6)
  3 centaurs
  2 phantoms (D:6)
  3 bullfrogs
  A kobold brigand (D:10)
  A scorpion (D:4)
  11 wights
  5 killer bees
  3 howler monkeys
  A jelly (D:6)
  2 gnoll boudas (D:8)
  2 orc priests
  2 hounds (D:5)
  3 sleepcaps
  Natasha (thrice) (D:2)
  3 iguanas
  Terence (D:3)
  4 orc wizards
  Ijyb (D:3)
  12 gnolls
  4 adders
  4 shadow imps
  3 white imps
  A worm (D:2)
  2 dart slugs
  26 orcs
  12 ball pythons
  7 bats
  9 endoplasms
  5 giant cockroaches (D:1)
  7 goblins
  8 hobgoblins
  8 jackals
  18 kobolds
  2 quokkas
  4 frilled lizards
  5 rats
214 creatures vanquished.

Notes
Turn   | Place    | Note
-------+----------+-------------------------------------------
     0 | D:1      | Cheops the Troll Fighter began the quest for the Orb.
     0 | D:1      | Reached XP level 1. HP: 22/22 MP: 0/0
   182 | D:1      | Reached XP level 2. HP: 29/29 MP: 1/1
   195 | D:1      | Reached skill level 3 in Unarmed Combat
   474 | D:1      | Reached XP level 3. HP: 36/36 MP: 2/2
  1287 | D:2      | Noticed Sigmund
  1312 | D:2      | Killed Sigmund
  1313 | D:2      | Reached skill level 5 in Unarmed Combat
  1313 | D:2      | Reached XP level 4. HP: 20/44 MP: 3/3
  1313 | D:2      | Reached XP level 5. HP: 23/50 MP: 4/4
  1537 | D:2      | Noticed Natasha
  1543 | D:2      | Killed Natasha
  1544 | D:2      | Reached skill level 6 in Unarmed Combat
  1630 | D:2      | Noticed Natasha
  1634 | D:2      | Killed Natasha
  1668 | D:2      | Noticed Natasha
  1675 | D:2      | Killed Natasha
  1676 | D:2      | Reached XP level 6. HP: 50/59 MP: 5/5
  2139 | D:3      | Noticed Ijyb
  2147 | D:3      | Killed Ijyb
  2177 | D:3      | Noticed Terence
  2179 | D:3      | Killed Terence
  2373 | D:3      | Reached skill level 7 in Unarmed Combat
  2506 | D:3      | Found a runed translucent gate.
  2506 | D:3      | Found a runed translucent gate.
  2512 | D:3      | Noticed Taurus's ghost (amateur MiFi)
  2516 | D:3      | Found a runed translucent gate.
  2800 | D:4      | Noticed Pikel
  2815 | D:3      | Killed Pikel
  2816 | D:3      | Reached skill level 8 in Unarmed Combat
  2816 | D:3      | Reached XP level 7. HP: 29/67 MP: 6/6
  2904 | D:4      | Found an ancient bone altar of Kikubaaqudgha.
  2909 | D:4      | Found a staircase to the Ecumenical Temple.
  3023 | D:4      | Found a burning altar of Makhleb.
  3023 | D:4      | Found a white marble altar of Elyvilon.
  3023 | D:4      | Found a shadowy altar of Dithmenos.
  3299 | Temple   | Entered the Ecumenical Temple
  3491 | Temple   | Became a worshipper of the Wu Jian Council
  3532 | D:5      | Entered Level 5 of the Dungeon
  3702 | D:5      | Reached XP level 8. HP: 75/75 MP: 7/7
  3790 | D:5      | Found a hide-covered altar of Uskayaw.
  4110 | D:5      | Reached skill level 9 in Unarmed Combat
  4188 | D:5      | Found an iron altar of Okawaru.
  5013 | D:6      | Found Hiamoali's Jewellery Shop.
  5039 | D:6      | Reached skill level 10 in Unarmed Combat
  5092 | D:6      | Noticed Grinder
  5109 | D:6      | Killed Grinder
  5110 | D:6      | Reached XP level 9. HP: 85/85 MP: 8/8
  5701 | D:7      | Reached * piety under Wu Jian
  5793 | D:7      | Reached skill level 5 in Shields
  5889 | D:7      | Identified the +4 quarterstaff of Hairy Innocence {freeze,
                  | Drain rC+++ Str-4 SInv}
  6401 | D:8      | Reached skill level 5 in Fighting
  6409 | D:8      | Reached skill level 11 in Unarmed Combat
  6618 | D:8      | Reached ** piety under Wu Jian
  7245 | D:9      | Noticed a two-headed ogre
  7246 | D:9      | Reached XP level 10. HP: 87/98 MP: 9/9
  7257 | D:9      | Killed a two-headed ogre
  7258 | D:9      | Reached skill level 12 in Unarmed Combat
  7443 | D:9      | Found a sacrificial altar of Ru.
  8327 | D:10     | Entered Level 10 of the Dungeon
  8438 | D:9      | Found a sacrificial altar of Ru.
 10560 | D:6      | Found Hiamoali's Jewellery Shop.
 10983 | D:5      | Found a hide-covered altar of Uskayaw.
 11201 | D:5      | Found an iron altar of Okawaru.
 11923 | D:4      | Found a staircase to the Ecumenical Temple.
 11941 | D:4      | Found an ancient bone altar of Kikubaaqudgha.
 12004 | D:4      | Found a white marble altar of Elyvilon.
 12005 | D:4      | Found a burning altar of Makhleb.
 12006 | D:4      | Found a shadowy altar of Dithmenos.
 12378 | D:3      | Found a runed translucent gate.
 12379 | D:3      | Found a runed translucent gate.
 12380 | D:3      | Found a runed translucent gate.
 14414 | D:10     | Noticed a two-headed ogre
 14425 | D:10     | Killed a two-headed ogre
 14426 | D:10     | Reached skill level 13 in Unarmed Combat
 14479 | D:10     | Found a staircase to the Orcish Mines.
 14551 | D:10     | Gained mutation: You are somewhat resistant to further
                  | mutation. [potion of mutation]
 14551 | D:10     | Gained mutation: Your magical capacity is low. (-10% MP)
                  | [potion of mutation]
 14572 | D:10     | Slain by a killer bee

Illustrated notes

Levels and vault maps discovered:
D:1:      roderic_lyre, layout_basic, minmay_tall_x
D:2:      layout_loops_ring, uniq_natasha, uniq_sigmund
D:3:      layout_loops_ring, gammafunk_ghost_split, uniq_ijyb, uniq_terence
D:4:      layout_rooms, gammafunk_temple_overflow_claw,
          kiku_gazebo_garden_becter, minmay_temple_entry_drinking_statues,
          chequers_mini_garden, chequers_arboretum, grunt_ministairs_8,
          minmay_misc_feat_enclosed, uniq_pikel
D:5:      layout_layer_cave, general_overflow_altar,
          mainiacjoe_overflow_chevrons
D:6:      layout_layer_cave, serial_shops, nicolae_shop_pleasant_corner_grove,
          uniq_grinder
D:7:      layout_rooms, minmay_misc_feat_diagonals, serial_bayou_pond_e
D:8:      layout_basic, due_unseen_surprise
D:9:      layout_basic, nicolae_ru_sacrificial_ziggurat, nicolae_zen_rock_garden
D:10:     layout_long_grid, david_orc_2, minmay_misc_feat_chi
Temple:   bh_familiar_temple

Skill      XL: |  1  2  3  4  5  6  7  8  9 10 |
---------------+-------------------------------+-----
Unarmed Combat | 3 5 6 8 10 11 13 | 13.1
Fighting       | 3 4 5 6 |  6.7
Shields        | 3 4 6 7 |  7.3
Dodging        | |  2.4

Action                     |  1- 3 |  4- 6 |  7- 9 | 10-12 || total
---------------------------+-------+-------+-------+-------++-------
  Melee: Unarmed           |   112 |   125 |   230 |   130 ||   597
Ability: Lunge             |       |       |    21 |    10 ||    31
         Whirlwind         |       |       |     1 |     3 ||     4
    Use: Potion            |     1 |       |     1 |     8 ||    10
         Scroll            |       |       |    10 |     8 ||    18
   Stab: Sleeping          |       |     3 |       |       ||     3
         Invisible         |       |       |       |     2 ||     2
 Armour: Robe              |    32 |    27 |    31 |    18 ||   108
  Dodge: Dodged            |    40 |    39 |    52 |    69 ||   200
  Block: Kite shield       |    51 |    36 |    53 |    65 ||   205
